Map: [ESL] Hard Lead

Players

Arrogfire - Winner!

  • Race: Protoss Protoss
  • Spawn Location: 5:00

DnS

  • Race: Protoss Protoss
  • Spawn Location: 11:00

Event: ESL SC2 Masters 2023 Winter (Regional)

VOD

Have the link to the VOD?

Description

Time

  • Played on: Oct. 29, 2023, 11:38 a.m.
  • Length: 7:31

All games in this series

Show
View Real Time Build Order
Export as new Build Order

Arrogfire Protoss - Winner!

Build Orders: Phoenix Opening 

Get SALT Encoding   

  12  0:00  Probe  
  13  0:12  Probe  
  14  0:17  Pylon  
  14  0:24  Probe (Chrono Boost)  
  16  0:36  Probe (Chrono Boost)  
  16  0:38  Gateway  
  16  0:43  Probe (Chrono Boost)  
  16  0:46  Assimilator  
  17  0:50  Probe  
  17  0:53  Assimilator  
  18  1:03  Probe (Chrono Boost)  
  19  1:08  Gateway  
  19  1:15  Probe (Chrono Boost)  
  20  1:22  Probe (Chrono Boost)  
  20  1:25  Cybernetics Core  
  21  1:29  Probe  
  22  1:34  Pylon  
  22  1:41  Probe  
  23  1:53  Probe  
  24  1:59  Warp Gate (Chrono Boost)  
  24  2:01  Sentry, Stalker  
  24  2:05  Probe  
  29  2:12  Pylon  
  29  2:23  Robotics Facility  
  29  2:29  Stalker  
  31  2:31  Phoenix  
  31  2:40  Stalker  
  31  2:42  Gateway  
  33  2:59  Stalker  
  33  3:02  Shield Battery  
  35  3:10  Stalker  
  37  3:16  Warp Prism (Chrono Boost)  
  39  3:27  Pylon  
  39  3:45  Immortal (Chrono Boost)  
  39  3:47  Sentry  
  45  3:48  Adept  
  45  3:52  Pylon  
  47  4:12  Sentry  
  47  4:14  Pylon  
  49  4:22  Immortal (Chrono Boost)  
  53  4:27  Adept  
  55  4:52  Pylon  
  55  4:53  Adept  
  55  4:54  Immortal  
  55  4:56  Adept  
  61  5:32  Immortal (Chrono Boost)  
  63  5:37  Adept x3  
  69  5:45  Pylon  
  57  6:05  Immortal (Chrono Boost)  
  57  6:06  Sentry  
  57  6:07  Adept  
  57  6:08  Adept  
  63  6:32  Adept x3  
  55  6:54  Adept x3  
  55  7:18  Adept x3  
Show
View Real Time Build Order
Export as new Build Order

DnS Protoss 

Build Orders: Phoenix Opening 

Get SALT Encoding   

  12  0:00  Probe  
  13  0:12  Probe  
  14  0:17  Pylon  
  14  0:24  Probe (Chrono Boost)  
  15  0:36  Probe (Chrono Boost)  
  15  0:37  Gateway  
  16  0:45  Probe (Chrono Boost)  
  16  0:46  Assimilator  
  17  0:51  Probe  
  17  0:54  Assimilator  
  18  1:03  Probe (Chrono Boost)  
  19  1:07  Gateway  
  20  1:12  Probe (Chrono Boost)  
  20  1:17  Probe (Chrono Boost)  
  20  1:24  Cybernetics Core  
  21  1:29  Probe  
  22  1:34  Pylon  
  22  1:41  Probe  
  23  1:53  Probe  
  24  2:00  Stalker  
  24  2:01  Warp Gate, Adept  
  28  2:05  Probe  
  29  2:11  Pylon  
  29  2:30  Stalker  
  29  2:31  Stalker  
  33  2:53  Nexus  
  33  2:56  Probe  
  34  3:06  Sentry x2  
  34  3:10  Pylon  
  38  3:14  Probe  
  39  3:20  Robotics Facility  
  37  3:29  Shield Battery  
  37  3:32  Shield Battery  
  37  3:37  Phoenix  
  37  3:44  Pylon  
  37  3:49  Stalker  
  37  3:53  Stalker  
  41  4:09  Immortal (Chrono Boost)  
  45  4:17  Stalker  
  47  4:24  Stalker  
  49  4:37  Shield Battery  
  49  4:43  Immortal (Chrono Boost)  
  51  4:54  Stalker  
  51  4:58  Stalker  
  55  5:01  Probe  
  55  5:02  Probe  
  51  5:28  Immortal (Chrono Boost)  
  51  5:32  Adept  
  51  5:33  Adept  
  57  5:37  Gateway  
  57  5:48  Shield Battery  
  57  5:55  Adept x2  
  44  6:06  Immortal (Chrono Boost)  
  47  6:18  Sentry x2  
  47  6:34  Adept  
  49  6:42  Adept x2  
  49  6:45  Immortal (Chrono Boost)  
  39  7:02  Adept  
  39  7:03  Adept  
  39  7:08  Sentry  
  32  7:25  Adept x2  
Tags
 
Add a new tag
Caveats
  • Supply blocks, unpowered buildings, or Contaminate may cause inaccurate times.
  • Supply counts are checked every 10 seconds.